 Dungeon Crawl Stone Soup version 0.17-a0-2063-gdaf50f8 (webtiles) character file.

976 KINGKRU the Shield-Bearer (level 8, -6/68 HPs)
             Began as a Hill Orc Fighter on Oct 12, 2015.
             Was a Follower of Yredelemnul.
             Splashed by a jelly's acid (11 damage)
             ... on level 5 of the Dungeon.
             The game lasted 00:29:43 (4455 turns).

KINGKRU the Shield-Bearer (Hill Orc Fighter)        Turns: 4455, Time: 00:29:45

Health: -6/68      AC: -3    Str: 21    XL:     8   Next: 16%
Magic:  9/9        EV: 10    Int:  8    God:    Yredelemnul [*.....]
Gold:   60         SH: 11    Dex: 10    Spells: 0 memorised, 7 levels left

rFire  . . .     SeeInvis .     a - +0 long sword
rCold  . . .     Clarity  .     i - +4 ring mail
rNeg   . . .     SustAt   .     c - +1 shield
rPois  +         Gourm    .     p - +2 hat
rElec  .         Spirit   .     (no cloak)
rCorr  .         Warding  .     (no gloves)
rMut   .         Stasis   .     (no boots)
MR     +....                    (no amulet)
Stlth  +.........               g - ring of protection from magic
                                j - ring of poison resistance

@: corroded equipment, somewhat resistant to hostile enchantments, very
unstealthy
A: no striking features
a: Animate Remains, Renounce Religion


You were on level 5 of the Dungeon.
You worshipped Yredelemnul.
Yredelemnul was aware of your devotion.
You were hungry.

You visited 1 branch of the dungeon, and saw 5 of its levels.

You collected 183 gold pieces.
You spent 123 gold pieces at shops.

Inventory:

Hand Weapons
 a - a +0 long sword (weapon)
Armour
 c - a +1 shield (worn)
 i - a +4 ring mail (worn)
 p - a +2 hat (worn)
Jewellery
 e - an uncursed ring of magical power
 g - a ring of protection from magic (right hand)
 j - a ring of poison resistance (left hand)
Scrolls
 d - a scroll of enchant armour
 n - 2 scrolls of remove curse
Potions
 b - a potion of agility {unknown}
 f - 4 potions of curing
 k - a potion of heal wounds {unknown}
 l - 3 potions of brilliance
 m - 3 potions of magic {unknown}
Comestibles
 h - 5 bread rations


   Skills:
 + Level 5.0 Fighting
 + Level 4.1 Long Blades
 + Level 5.7 Armour
 + Level 3.5 Dodging
 + Level 1.6 Stealth
 + Level 5.7 Shields
 + Level 1.3 Invocations


You had 7 spell levels left.
You didn't know any spells.

Dungeon Overview and Level Annotations

Branches:
Dungeon (5/15)
 Temple: D:4-7

Altars:
Ashenzari
Yredelemnul

Shops:
D:4 ?

Annotations:
D:5 Prince Ribbit


Message History

The jelly is almost dead.
The jelly barely misses you. You block the jelly's attack.
You hit the jelly but do no damage.
Your hands burn!
The jelly is almost dead.
The jelly hits you.
* * * LOW HITPOINT WARNING * * *
You are splashed with acid!
The acid corrodes you!
The acid burns!
* * * LOW HITPOINT WARNING * * *
You hit the jelly but do no damage.
Your hands burn!
* * * LOW HITPOINT WARNING * * *
The jelly is almost dead.
You are feeling hungry.
You block the jelly's attack.
You completely miss the jelly.
The jelly is almost dead.
The jelly hits you.
* * * LOW HITPOINT WARNING * * *
You are splashed with acid!
The acid burns!
You die...
Your body rises from the dead as a mindless zombie.

.....# ##.#
#.######..........
.....# .. #.#
##'#...†... .....#
#.# #.#####
#.#....... ##...#
.. #.....#
#.#.......
#...####
#.##.###.#
#.########
#......# #..#)#
#.# #.........
#####...# #.#.#
#.# ##########
#####...# ####...#
#.# ........#
#.....@# #<#
........#
#.###.J###.#
........# #
#......# ........#
#...#### ........#
#...# ........#
#..## #########
..... ####>. #...


You could see a jelly.

Vanquished Creatures
  Pikel (D:5)
  Duvessa (D:4)
  A giant frog (D:5)
  Dowan (D:4)
  A crimson imp (D:5)
  A hound (D:3)
  Ijyb (D:2)
  Terence (D:2)
  2 worker ants
  A shadow imp (D:4)
  3 adders
  5 oozes
  3 worms
  2 orcs (D:3)
  9 bats
  7 giant cockroaches
  8 hobgoblins
  4 jackals (D:4)
  2 quokkas (D:2)
  2 giant geckos
  A giant gecko skeleton (D:4)
  2 giant newts (D:1)
  9 goblins
  6 kobolds
  7 rats
81 creatures vanquished.

Vanquished Creatures (others)
  A slave (D:5)
  An elf zombie (D:4)
2 creatures vanquished.

Grand Total: 83 creatures vanquished

Notes
Turn   | Place    | Note
--------------------------------------------------------------
     0 | D:1      | KINGKRU the Hill Orc Fighter began the quest for the Orb.
     0 | D:1      | Reached XP level 1. HP: 19/19 MP: 1/1
   102 | D:1      | Reached XP level 2. HP: 24/27 MP: 2/2
   309 | D:1      | Reached XP level 3. HP: 33/33 MP: 3/3
   729 | D:2      | Reached skill level 4 in Shields
   958 | D:2      | Found a basalt altar of Yredelemnul.
   980 | D:2      | Became a worshipper of Yredelemnul the Dark
   993 | D:2      | Noticed Ijyb
  1019 | D:2      | Killed Ijyb
  1019 | D:2      | Reached skill level 1 in Dodging
  1019 | D:2      | Reached XP level 4. HP: 30/40 MP: 4/4
  1363 | D:2      | Noticed Terence
  1377 | D:2      | Killed Terence
  1377 | D:2      | Reached XP level 5. HP: 35/46 MP: 5/5
  1451 | D:2      | Found a shattered altar of Ashenzari.
  2236 | D:3      | Reached * piety under Yredelemnul
  2677 | D:4      | Found Esayss's Magic Scroll Boutique.
  2683 | D:4      | Bought a scroll of enchant armour for 97 gold pieces
  2683 | D:4      | Bought a scroll of identify for 26 gold pieces
  3308 | D:4      | Reached XP level 6. HP: 38/52 MP: 6/6
  3512 | D:4      | Noticed Dowan
  3529 | D:4      | Killed Dowan
  3553 | D:4      | Noticed Duvessa
  3581 | D:4      | Your ally Dowan died
  3584 | D:4      | Killed Duvessa
  3887 | D:5      | Entered Level 5 of the Dungeon
  3975 | D:5      | Reached skill level 1 in Stealth
  3975 | D:5      | Reached skill level 5 in Shields
  3988 | D:5      | Noticed Pikel
  4023 | D:5      | Killed Pikel
  4023 | D:5      | Reached skill level 5 in Armour
  4023 | D:5      | Reached skill level 1 in Invocations
  4023 | D:5      | Reached XP level 7. HP: 31/60 MP: 8/8
  4023 | D:5      | Reached XP level 8. HP: 34/67 MP: 9/9
  4260 | D:5      | Reached skill level 5 in Fighting
  4409 | D:5      | Noticed Prince Ribbit
  4455 | D:5      | Splashed by a jelly's acid

Vault maps used:
D:1:      erik_arrival_gehennom, serial_bayou_pond_c, hangedman_decor_growths
D:2:      evilmike_ruin_ashenzari, yredelemnul_altar_generic, uniq_terence,
          uniq_iyjb
D:3:      serial_forest, infiniplex_forest_diagonal,
          infiniplex_forest_clump_diagonal, infiniplex_forest_zigzag_2,
          infiniplex_forest_zigzag_1, infiniplex_forest_diagonal,
          infiniplex_forest_fountain, infiniplex_forest_straight_4
D:4:      first_bread, serial_shops, shop, uniq_duvessa
D:5:      uniq_prince_ribbit1, uniq_pikel, uniq_grinder

Action                   |  1- 3 |  4- 6 |  7- 9 || total
-------------------------+-------+-------+-------++-------
Melee: Long sword        |   131 |   270 |    33 ||   434
Invok: Animate Remains   |       |     1 |       ||     1
  Use: Scroll            |       |    10 |     2 ||    12
       Potion            |       |     3 |       ||     3
 Stab: Distracted        |       |     2 |       ||     2
  Eat: Bread ration      |     1 |     1 |       ||     2
       Beef jerky        |       |     1 |     1 ||     2
